 Dungeon Sprint DCSS version 0.30-a0-870-gc5d4c5acee (webtiles) character file.

Game seed: 17392953150011557778

308 rocky1 the Blocker (level 6, -3/51 HPs)
             Began as a Formicid Fighter on Mar 12, 2023.
             Was an Initiate of Gozag.
             Slain by a komodo dragon (21 damage)
             ... in the Dungeon (Sprint IX: "|||||||||||||||||||||||||||||").
             The game lasted 00:02:19 (732 turns).

rocky1 the Blocker (Formicid Fighter)                Turns: 732, Time: 00:02:19

Health: -3/51      AC: 20    Str: 23    XL:     6   Next: 68%
Magic:  6/6        EV:  7    Int: 13    God:    Gozag
Gold:   0          SH:  6    Dex: 13    Spells: 5/5 levels left

rFire   . . .      SeeInvis +    p - +2 halberd (protect)
rCold   . . .      Faith    .    c - +0 buckler
rNeg    . . .      Spirit   .    n - +0 plate armour
rPois   .          Reflect  .    (helmet unavailable)
rElec   .          Rampage  .    (no cloak)
rCorr   .                        o - +0 pair of gloves
Will    .....                    (no boots) Stlth
                                 (no amulet)
HPRegen 0.28/turn                l - +3 ring of intelligence
MPRegen 0.10/turn                m - +3 ring of intelligence

@: gold aura, under a protective aura
A: permanent stasis, dig shafts and tunnels, antennae 3, four strong arms
a: Dig, Renounce Religion, Potion Petition, Call Merchant, Bribe Branch


You were in the Dungeon.
You worshipped Gozag.
Gozag was noncommittal.
You visited 1 branch

Inventory:

Hand Weapons
 a - a +0 trident
 p - a +2 halberd of protection (weapon)
Armour
 b - a +0 scale mail
 c - a +0 buckler (worn)
 n - a +0 plate armour (worn)
 o - a +0 pair of gloves (worn)
Jewellery
 l - a +3 ring of intelligence (left hand)
 m - a +3 ring of intelligence (right hand)
Wands
 k - a wand of iceblast (10)
Scrolls
 h - 2 scrolls of blinking
 j - 2 scrolls of amnesia
Potions
 d - a potion of might
 e - 5 potions of curing
 f - a potion of invisibility
 g - 4 potions of magic


   Skills:
 + Level 5.2 Fighting
 * Level 9.3 Polearms
 + Level 5.5 Armour
 + Level 3.1 Dodging
 + Level 9.3 Shields


You had 5 spell levels left.
You didn't know any spells.
Your spell library was empty.

Dungeon Overview and Level Annotations

Branches:
Dungeon (1/1)

Altars:
Cheibriados
Dithmenos
Elyvilon
Fedhas
Gozag
Hepliaklqana
Kikubaaqudgha
Makhleb
Nemelex Xobeh
Okawaru
Qazlal
Ru
Sif Muna
Trog
Uskayaw
Vehumet
Wu Jian
Xom
Yredelemnul
Zin
The Shining One
Jiyva
Lugonu


Innate Abilities, Weirdness & Mutations

You cannot be hasted, slowed, berserked, paralysed or teleported.
You can dig through walls and to a lower floor.
You have a pair of large antennae on your head. (SInv)
Your four strong arms can wield two-handed weapons with a shield.


Message History

Okay, then.
You closely miss the komodo dragon.
The orc warrior is distracted by your dazzling golden aura.
The komodo dragon bites you but does no damage.
You closely miss the komodo dragon.
The orc warrior shouts!
The orc warrior is no longer distracted by gold.
The orc warrior hits you from afar with a +0 halberd.
The komodo dragon barely misses you.
You hit the komodo dragon.
The komodo dragon is lightly wounded.
The orc warrior barely misses you.
The komodo dragon bites you but does no damage.
You hit the komodo dragon.
The komodo dragon is moderately wounded.
The orc warrior hits you but does no damage.
You block the komodo dragon's attack.
You hit the komodo dragon.
The komodo dragon is moderately wounded.
The orc warrior hits you from afar with a +0 halberd!
The acid dragon is distracted by your dazzling golden aura.
The komodo dragon bites you!
You slice the komodo dragon!!
The komodo dragon is severely wounded.
The centaur is distracted by your dazzling golden aura.
The orc warrior barely misses you.
The komodo dragon is distracted by your dazzling golden aura.
The komodo dragon hisses angrily.
You barely miss the komodo dragon.
The komodo dragon is no longer distracted by gold.
The komodo dragon is severely wounded.
The centaur shouts!
You block the komodo dragon's attack.
The orc warrior hits you but does no damage.
You hit the komodo dragon.
The komodo dragon is severely wounded.
The centaur is no longer distracted by gold.
The komodo dragon bites you!!
You die...
Your body crumbles into a pile of gold. ▓▓▓▓▓▓▓▓▓▓▓▓▓▓▓▓▓▓▓▓▓▓▓▓ ..cDcol@...[.)..'_______ ▓▓▓▓▓▓▓▓▓▓▓▓▓▓▓▓▓▓▓▓▓▓▓▓ $ $ {{{{{{{{ {{{{{{{ { $$$$$ $ $ $ $$$$$ $$$$$$

You could see a komodo dragon, an orc warrior, an acid dragon and 2 centaurs.

Vanquished Creatures
  A troll (D)
  A phantom (D)
  An adder (D)
  2 worms (D)
  An orc (D)
  3 ball pythons (D)
  An endoplasm (D)
  A hobgoblin (D)
11 creatures vanquished.

Notes
Turn   | Place    | Note
-------+----------+-------------------------------------------
     0 | D        | rocky1 the Formicid Fighter began the quest for the Orb.
     0 | D        | Reached XP level 1. HP: 18/18 MP: 1/1
    17 | D        | Reached XP level 2. HP: 15/24 MP: 2/2
   359 | D        | Noticed a phantom
   364 | D        | Reached skill level 5 in Shields
   376 | D        | Reached XP level 3. HP: 29/29 MP: 3/3
   385 | D        | Killed a phantom
   386 | D        | Reached XP level 4. HP: 27/35 MP: 4/4
   386 | D        | Reached XP level 5. HP: 31/41 MP: 5/5
   627 | D        | Found a snail-covered altar of Cheibriados.
   627 | D        | Found a shadowy altar of Dithmenos.
   627 | D        | Found a white marble altar of Elyvilon.
   627 | D        | Found a blossoming altar of Fedhas.
   627 | D        | Found an opulent altar of Gozag.
   628 | D        | Found a hazy altar of Hepliaklqana.
   629 | D        | Found a viscous altar of Jiyva.
   630 | D        | Found an ancient bone altar of Kikubaaqudgha.
   631 | D        | Found a corrupted altar of Lugonu.
   632 | D        | Found a burning altar of Makhleb.
   633 | D        | Found a sparkling altar of Nemelex Xobeh.
   634 | D        | Found an iron altar of Okawaru.
   645 | D        | Became a worshipper of Gozag Ym Sagoz the Greedy
   646 | D        | Found a stormy altar of Qazlal.
   647 | D        | Found a sacrificial altar of Ru.
   648 | D        | Found a shimmering blue altar of Sif Muna.
   649 | D        | Found a bloodstained altar of Trog.
   650 | D        | Found a hide-covered altar of Uskayaw.
   651 | D        | Found a radiant altar of Vehumet.
   652 | D        | Found an ornate altar of the Wu Jian Council.
   653 | D        | Found a shimmering altar of Xom.
   654 | D        | Found a basalt altar of Yredelemnul.
   655 | D        | Found a glowing silver altar of Zin.
   656 | D        | Found a glowing golden altar of the Shining One.
   719 | D        | Noticed a centaur
   719 | D        | Noticed an acid dragon
   719 | D        | Noticed a centaur
   719 | D        | Noticed an orc warrior
   719 | D        | Noticed a komodo dragon
   719 | D        | Noticed a troll
   723 | D        | Killed a troll
   724 | D        | Reached skill level 5 in Fighting
   724 | D        | Reached skill level 5 in Armour
   724 | D        | Reached XP level 6. HP: 18/51 MP: 6/6
   732 | D        | Slain by a komodo dragon

Illustrated notes

Levels and vault maps discovered:
D:        linesprint [early_d, line_temple, items_1, d_10, items_2, lair_1,
          lair_end, items_3, orc_1, orc_end, items_4, d_15, swamp_1, shoals_1,
          snake_1, spider_1, d_20, vaults_1, items_5, swamp_end, shoals_end,
          snake_end, spider_end, vaults_end, d_27, items_6, zot_1, zot_end,
          crypt_end, forest_end, elf_end, slime_end, tomb_end, abyss_end,
          pan_hell_end]

Skill      XL: |  1  2  3  4  5 |
---------------+----------------+-----
Polearms       | 3 4 7 9 |  9.3
Shields        | 5 7 9 |  9.3
Fighting       | 5 |  5.2
Armour         | 5 |  5.5
Dodging        | 3 |  3.1

Action                     |  1- 3 |  4- 6 || total
---------------------------+-------+-------++-------
  Melee: Trident           |    38 |     6 ||    44
         Halberd           |       |    11 ||    11
    Use: Potion            |     1 |     2 ||     3
 Armour: Scale mail        |     7 |       ||     7
         Plate armour      |       |     9 ||     9
  Dodge: Dodged            |    12 |     5 ||    17
  Block: Buckler           |     3 |     4 ||     7

Table legend: (Time is in decaauts)
 A = Elapsed time spent in this place.
 B = Non-inter-level travel time spent in this place.
 C = Inter-level travel time spent in this place.
 D = Time resting spent in this place.
 E = Time spent auto-exploring this place.
 F = Levels seen in this place.
 G = Mean time per level.
                   A        B        C        D        E       F      G
               +--------+--------+--------+--------+--------+-----+--------+
         Total |    736 |    736 |      0 |    565 |      0 |   1 |  736.0 |
       Dungeon |    736 |    736 |      0 |    565 |      0 |   1 |  736.0 |
               +--------+--------+--------+--------+--------+-----+--------+

Top non-repeatable levels by time:
       D: 736 daAuts
